 Dungeon Crawl Stone Soup version 0.29-a0-914-g906f1d757c (webtiles) character file.

Game seed: 5185855399076026452

221 2tc the Ruffian (level 5, 46/46 HPs)
             Began as a Troll Transmuter on July 16, 2021.
             Quit the game on level 4 of the Dungeon on July 26, 2022.
             The game lasted 00:07:47 (2183 turns).

2tc the Ruffian (Troll Transmuter)                  Turns: 2183, Time: 00:07:48

Health: 46/46      AC:  9    Str: 18    XL:     5   Next: 65%
Magic:  5/5        EV:  9    Int: 10    God:
Gold:   129        SH:  0    Dex: 10    Spells: 3/6 levels left

rFire   . . .      SeeInvis .     - Unarmed
rCold   . . .      Faith    .   (no shield)
rNeg    . . .      Spirit   .   a - +1 robe
rPois   .          Reflect  .   (helmet restricted)
rElec   .          Harm     .   (no cloak)
rCorr   .          Rampage  .   (gloves unavailable)
Will    .....                   (boots unavailable)
Stlth   +.........              (no amulet)
HPRegen 0.95/turn               e - +4 ring of protection
MPRegen 0.09/turn               (no ring)

@: no status effects
A: large, unfitting armour, claws 3, regeneration 1, shaggy fur 1, tough skin 1
a: no special abilities


You were on level 4 of the Dungeon.
You visited 1 branch of the dungeon, and saw 4 of its levels.

You collected 129 gold pieces.

Inventory:

Missiles
 b - 119 stones
 h - 13 poisoned darts
Armour
 a - a +1 robe (worn)
Jewellery
 e - a +4 ring of protection (left claw)
Scrolls
 i - a scroll of fog
Potions
 c - 2 potions of brilliance
 d - 5 potions of curing
 f - 2 potions of heal wounds
 g - a potion of lignification


   Skills:
 - Level 0.7 Fighting
 - Level 1.5 Dodging
 * Level 6.4 Unarmed Combat
 - Level 1.2 Spellcasting
 - Level 1.3 Transmutations


You had 3 spell levels left.
You knew the following spells:

 Your Spells              Type           Power      Damage    Failure   Level
a - Beastly Appendage     Tmut           6%         N/A       19%         1
b - Wereblood             Tmut           3%         N/A       28%         2

Your spell library contained the following spells:

 Spells                   Type           Power      Damage    Failure   Level
 Static Discharge         Conj/Air       0%         3-3/arc   45%         2
 Spider Form              Tmut/Pois      2%         N/A       58%         3
 Ice Form                 Ice/Tmut       2%         N/A       94%         4
 Dispel Undead            Necr           0%         3d6       98%         4
 Olgreb's Toxic Radiance  Pois           0%         N/A       98%         4
 Sticky Flame             Conj/Fire      0%         2d3       98%         4
 Ozocubu's Refrigeration  Ice            0%         4d5       100%        7
 Ignition                 Fire           0%         3d3       100%        8


Dungeon Overview and Level Annotations

Branches:
Dungeon (4/15)
 Temple: D:4-7

Altars:
Elyvilon
Hepliaklqana
Makhleb
Yredelemnul
Zin
The Shining One


Innate Abilities, Weirdness & Mutations

You are too large for most types of armour.
You have claws for hands.
Your natural rate of healing is unusually fast.
You are covered in fur. (AC +1)
You have tough skin. (AC +1)


Message History

As you read the scroll of identify, it crumbles to dust.
g - a potion of lignification You see here a staff of earth.
Cast which spell? (? or * to list)
You grow a pair of large bovine horns.
Your feet morph into talons.
You barely miss the lemure. Your claw misses the lemure. The lemure hits you!
You claw the lemure! Your headbutt misses the lemure.
The lemure is moderately wounded.
Your transformation is almost over.
The lemure hits you.
You claw the lemure! Your kick misses the lemure.
Your headbutt misses the lemure.
The lemure is severely wounded.
The lemure hits you.
You miss the lemure.
The lemure is severely wounded.
You scratch the lemure.
The lemure is almost dead.
The lemure barely misses you.
You barely miss the lemure. Your kick misses the lemure.
The lemure is almost dead.
The lemure hits you.
You closely miss the lemure. Your kick misses the lemure.
The lemure is almost dead.
The lemure completely misses you.
You claw the lemure!
You kill the lemure!
That felt strangely unrewarding.
Your horns disappear.
Your talons disappear.
Magic restored.
HP restored.
An ogre comes into view. It is wielding a +0 giant spiked club.
The ogre shouts!
You hear a shout!
Saving game... please wait.
Welcome back, 2tc the Troll Transmuter.
Press ? for a list of commands and other information.
Cast which spell? (? or * to list)
Okay, then.
Okay, then.
Are you sure you want to abandon this character and quit the game? (Confirm with "yes".)

#########################
........@.............|..
#.......#################
#.......# #........
#......... .....#.....
.....#...... ....
#......# .... #......#
########


There were no monsters in sight!

Vanquished Creatures
  A lemure (D:4)
  3 orc priests (D:2)
  Jessica (D:3)
  2 adders
  4 dart slugs
  4 orcs (D:2)
  6 endoplasms
  A giant cockroach (D:3)
  6 goblins
  5 hobgoblins
  6 jackals
  4 quokkas
  6 ball pythons
  8 bats
  2 frilled lizards
  11 kobolds
  5 rats
75 creatures vanquished.

Notes
Turn   | Place    | Note
-------+----------+-------------------------------------------
     0 | D:1      | 2tc the Troll Transmuter began the quest for the Orb.
     0 | D:1      | Reached XP level 1. HP: 18/18 MP: 1/1
     5 | D:1      | Noticed a formicid
     7 | D:1      | Noticed a minotaur skeleton
    11 | D:1      | Noticed a draconian
    13 | D:1      | Noticed a ghoul
    17 | D:1      | Noticed a merfolk
    66 | D:1      | Reached XP level 2. HP: 26/26 MP: 2/2
    72 | D:1      | Learned a level 2 spell: Wereblood
   172 | D:1      | Reached skill level 4 in Unarmed Combat
   395 | D:1      | Reached XP level 3. HP: 32/32 MP: 3/3
   557 | D:2      | Found a glowing silver altar of Zin.
  1147 | D:2      | Reached skill level 5 in Unarmed Combat
  1147 | D:2      | Reached XP level 4. HP: 37/40 MP: 0/4
  1168 | D:2      | Reached XP level 5. HP: 20/46 MP: 2/5
  1354 | D:2      | Found a faded altar of an unknown god.
  1458 | D:3      | Reached skill level 6 in Unarmed Combat
  1596 | D:3      | Found a white marble altar of Elyvilon.
  1855 | D:3      | Noticed Jessica
  1872 | D:3      | Killed Jessica
  2037 | D:4      | Found a hazy altar of Hepliaklqana.
  2060 | D:4      | Found a basalt altar of Yredelemnul.
  2060 | D:4      | Found a glowing golden altar of the Shining One.
  2075 | D:4      | Found a burning altar of Makhleb.
  2134 | D:4      | Noticed a lemure
  2160 | D:4      | Killed a lemure
  2180 | D:4      | Noticed an ogre
  2183 | D:4      | Upgraded the game from 0.27-a0-1559-g299f9947c5 to
                  | 0.29-a0-914-g906f1d757c
  2183 | D:4      | Quit the game

Illustrated notes

Levels and vault maps discovered:
D:1:      shiori_arrival_whats_in_store_for_you, layout_rooms, serial_glass,
          glass_columns_a, glass_columns_c, minmay_strange_pillars,
          minmay_strange_pillars, minmay_strange_pillars, minmay_splitting_lines
D:2:      cheibrodos_pilgrimage, layout_basic, chequers_ecumenical_altar_simple,
          basic_altar
D:3:      layout_basic, mainiacjoe_overflow_paths, uniq_jessica
D:4:      layout_basic, grunt_gozag_statues, nicolae_overflow_hidden_temple,
          uniq_pikel

Skill      XL: |  1  2  3  4  5 |
---------------+----------------+-----
Unarmed Combat | 4 5 6 |  6.4
Fighting       | |  0.7
Dodging        | |  1.5
Spellcasting   | |  1.2
Transmutations | |  1.3

Action                   |  1- 3 |  4- 6 || total
-------------------------+-------+-------++-------
Melee: Unarmed           |   101 |    80 ||   181
       Kick              |     1 |     4 ||     5
       Headbutt          |     1 |     1 ||     2
       Touch             |       |     1 ||     1
 Cast: Beastly Appendage |     2 |     4 ||     6
       Wereblood         |     1 |     1 ||     2
  Use: Scroll            |     6 |     2 ||     8
 Stab: Distracted        |     1 |       ||     1
Armor: Robe              |    40 |    27 ||    67
Dodge: Dodged            |    49 |    31 ||    80

Table legend: (Time is in decaauts)
 A = Elapsed time spent in this place.
 B = Non-inter-level travel time spent in this place.
 C = Inter-level travel time spent in this place.
 D = Time resting spent in this place.
 E = Time spent auto-exploring this place.
 F = Levels seen in this place.
 G = Mean time per level.
                   A        B        C        D        E       F      G
               +--------+--------+--------+--------+--------+-----+--------+
         Total |   2165 |   2085 |     80 |      0 |   1634 |   4 |  541.2 |
       Dungeon |   2165 |   2085 |     80 |      0 |   1634 |   4 |  541.2 |
               +--------+--------+--------+--------+--------+-----+--------+

Top non-repeatable levels by time:
     D:2: 864 daAuts
     D:3: 554 daAuts
     D:1: 552 daAuts
     D:4: 193 daAuts
